Cogmind - Beta 11 @@@ ROGUE MODE // 2022.03.31 @ 23:14:19 Player: Redbrew Result: Destroyed by Lightning with EMDS Performance ------------- Evolutions (7) 3500 Regions Visited (12) 2400 Robots Destroyed (154) 770 Value Destroyed (6086) 6086 Prototype IDs (11) 220 Alien Tech Used (4) 800 Bonus (5624) 5624 TOTAL SCORE: 19400 Bonus ------- High Alert Combat Kills 124 Used Core Reset Matrix 3000 Scanned by Researcher 500 Met Sigix 2000 Cogmind --------- Core Integrity 0/1300 Matter 294/800 Energy 8/100 System Corruption 39% Temperature Cool (0) Movement Core (300) Ox5 Location -3/Quarantine Parts ------- > --- POWER (2) -------- (None) > --- PROPULSION (8) --- (None) > --- UTILITY (6) ------ Medium Storage Unit Experimental Matter Compressor Actuator Array > --- WEAPON (5) ------- (None) > --- INVENTORY (10) --- Force Field Advanced Force Field Component Analysis Suite Subatomic Replicator Sigix Containment Pod Peak State ------------ > --- POWER ------------ Particle Reactor Micro Antimatter Reactor > --- PROPULSION ------- Antigrav System Antigrav System Improved Antigrav System Improved Antigrav System Improved Antigrav System Improved Antigrav System Impulse Thruster Array > --- UTILITY ---------- Improved Heat Sink Medium Storage Unit Experimental Matter Compressor Actuator Array System Shield > --- WEAPON ----------- Heavy Proton Cannon Heavy Proton Cannon Sigix Broadsword > --- INVENTORY -------- Improved Fusion Compressor Armored Huge Wheel Improved Antigrav System Q-thruster Force Field Advanced Force Field Component Analysis Suite Subatomic Replicator Coil Gun [Rating: 139] Favorites ----------- Power Light Nuclear Core Engine Ion Engine Power Core Light Nuclear Core Reactor Micro Antimatter Reactor Propulsion Wheel Leg Aluminum Leg Wheel Wheel Hover Unit Improved Antigrav System Flight Unit Impulse Thruster Array Utility Medium Storage Unit Device Thermal Shield Storage Medium Storage Unit Processor Advanced Visual Processing Unit Hackware System Shield Protection Improved Medium Armor Plating Weapon Coil Gun Energy Gun Small Laser Energy Cannon Heavy Proton Cannon Ballistic Gun Coil Gun Ballistic Cannon Bore Cannon Special Weapon Remote Datajack Impact Weapon Great Maul Slashing Weapon Sigix Broadsword Build | -11 -10 -9 -9 -8 -7 -6 -5 -4 -4 -4 -3 -3 ------- Run | Scr Mat Mat Min Mat Fac Fac Fac Fac Upp Upp Res Qua Slots Evolved 14 | . . 2 . 2 2 2 2 2 . . 2 . Power 1 | . . . . . 1 . . . . . . . Propulsion 6 | . . 2 . . . 2 . 1 . . 1 . Utility 4 | . . . . 1 1 . 1 1 . . . . Weapon 3 | . . . . 1 . . 1 . . . 1 . Parts Attached 197 | 6 13 21 7 20 31 34 2 . 7 1 9 46 Power 40 | 1 3 4 1 4 9 6 . . 2 1 1 8 Engine 15 | 1 2 4 1 2 3 1 . . . . 1 . Core 20 | . 1 . . 2 6 5 . . 2 1 . 3 Reactor 5 | . . . . . . . . . . . . 5 Propulsion 78 | 2 4 13 5 6 10 14 . . 2 . 2 20 Treads . | . . . . . . . . . . . . . Leg 41 | 2 4 13 5 6 2 1 . . 2 . 2 4 Wheel 22 | . . . . . 8 13 . . . . . 1 Hover 12 | . . . . . . . . . . . . 12 Flight 3 | . . . . . . . . . . . . 3 Utility 28 | 1 3 . . 3 6 4 1 . . . 4 6 Device 11 | . 1 . . 1 . 3 . . . . 3 3 Storage 8 | 1 1 . . 1 1 1 . . . . . 3 Processor 2 | . 1 . . . 1 . . . . . . . Hackware 1 | . . . . . . . . . . . 1 . Protection 6 | . . . . 1 4 . 1 . . . . . Artifact . | . . . . . . . . . . . . . Weapon 51 | 2 3 4 1 7 6 10 1 . 3 . 2 12 Energy Gun 17 | 1 1 3 1 4 1 3 . . . . . 3 Energy Cannon 3 | . . . . . . . . . . . . 3 Ballistic Gun 21 | 1 2 1 . 2 3 5 1 . 2 . . 4 Ballistic Cannon 4 | . . . . . 2 . . . . . 2 . Launcher . | . . . . . . . . . . . . . Special Weapon 3 | . . . . . . 2 . . 1 . . . Impact Weapon 2 | . . . . 1 . . . . . . . 1 Slashing Weapon 1 | . . . . . . . . . . . . 1 Piercing Weapon . | . . . . . . . . . . . . . Special Melee Weapon . | . . . . . . . . . . . . . Unidentified Prototypes 4 | . . . . . . . . . . . . 4 Parts Lost 90 | . 2 1 1 8 15 13 . . 10 1 . 39 Power 12 | . 1 . . 2 1 2 . . 1 . . 5 Propulsion 42 | . 1 1 . 4 6 7 . . 5 . . 18 Utility 11 | . . . . . 4 . . . 3 . . 4 Weapon 25 | . . . 1 2 4 4 . . 1 1 . 12 Highest Loss Streak 15 | . 2 1 1 3 10 5 . . 4 1 . 15 To Critical Strikes 2 | . . . . . 2 . . . . . . . Average Slot Usage (%) 81 | . 92 97 100 96 81 80 100 89 77 53 62 68 Engine 3 | . 7 11 11 3 2 2 . . . . 4 1 Core 4 | . 5 . . 4 5 7 11 10 9 10 4 1 Leg 15 | . 27 41 44 34 9 . . . 4 10 11 10 Wheel 9 | . . . . . 13 25 35 31 21 5 4 1 Hover 2 | . . . . . . . . . . . . 8 Device 6 | . 3 . . 4 2 10 11 10 7 5 6 11 Storage 7 | . 14 11 11 9 6 6 5 5 5 5 4 5 Processor 4 | . 5 11 11 9 6 6 5 5 2 . . . Protection 3 | . . . . 3 10 1 5 5 4 . . . Energy Gun 6 | . 14 13 21 18 2 6 . . . . . 2 Ballistic Gun 8 | . 14 8 . 5 5 7 23 21 20 16 14 4 Ballistic Cannon 2 | . . . . . 8 . . . . . 9 2 Impact Weapon 1 | . . . . 2 2 . . . . . . 1 Naked Turns . | . . . . . . . . . . . . . Heaviest Build 74 | 12 17 21 19 36 50 52 60 60 67 55 71 74 Greatest Support 141 | 20 20 40 43 50 50 60 60 60 60 31 81 141 Greatest Overweight (x) 3 | 3 1 . . 1 3 3 . . 2 1 2 1 Average Overweight (x) . | . . . . . . . . . . 1 1 . Largest Inventory Capacity 15 | 8 10 10 10 15 15 15 15 15 15 15 15 15 Average Capacity 11 | 7 8 10 10 12 11 10 15 15 15 15 15 12 Most Carried 15 | 4 8 10 10 10 15 14 13 12 15 13 12 13 Average Carried 8 | 2 5 7 8 8 9 8 12 12 13 12 9 8 Final Capacity 15 | 8 10 10 10 15 10 15 15 15 15 15 15 10 Final Carried 14 | 4 8 8 9 7 9 14 12 12 12 13 8 6 Class Distribution -------------------- 39% | Scavenger-Mutant 31% | Scavenger-Tank 14% | Mutant 8% | Tank 3% | Scavenger-Skirmisher Dominant Class ---------------- Scavenger-Mutant | -10/Materials Scavenger-Mutant | -9/Materials Scavenger-Mutant | -9/Mines Scavenger-Mutant | -8/Materials Tank | -7/Factory Scavenger-Tank | -6/Factory Scavenger-Tank | -5/Factory Scavenger-Tank | -4/Factory Scavenger-Tank | -4/Upper Caves Scavenger-Tank | -4/Upper Caves Scavenger-Tank | -3/Research Scavenger-Mutant | -3/Quarantine Resources | -11 -10 -9 -9 -8 -7 -6 -5 -4 -4 -4 -3 -3 ----------- Run | Scr Mat Mat Min Mat Fac Fac Fac Fac Upp Upp Res Qua Matter Collected 4699 | 111 265 324 102 240 951 822 . . 473 50 . 1361 Remotely . | . . . . . . . . . . . . . Salvage Created 6131 | . 386 771 267 678 866 1261 . . 426 50 . 1426 Parts 358 | . 33 39 15 24 56 79 . . 25 2 . 85 Haulers Intercepted . | . . . . . . . . . . . . . Recyclers Shooed 5 | . . . . . 1 4 . . . . . . Parts Field Recycled . | . . . . . . . . . . . . . Retrieved Matter . | . . . . . . . . . . . . . Parts Self-Destructed 34 | . . . . . . . . . 33 1 . . Prevented . | . . . . . . . . . . . . . Kills | -11 -10 -9 -9 -8 -7 -6 -5 -4 -4 -4 -3 -3 ------- Run | Scr Mat Mat Min Mat Fac Fac Fac Fac Upp Upp Res Qua Combat Hostiles Destroyed 122 | . 13 17 5 13 20 27 . . 8 1 . 18 Melee 6 | . . . . . 2 . . . . . . 4 Guns 90 | . 13 17 5 9 4 27 . . 8 1 . 6 Cannons 21 | . . . . . 14 . . . . . . 7 Classes Destroyed 16 | . 3 2 1 1 5 1 . . 1 . . 2 Worker 14 | . . . 1 . 2 8 . . . . . 3 Builder 7 | . . . . . 2 3 . . . . . 2 Tunneler 1 | . . . . . . 1 . . . . . . Recycler 1 | . . . . . 1 . . . . . . . Operator 3 | . . . . . 2 . . . . . . 1 Watcher 4 | . 1 . . . 1 1 . . . . . 1 Swarmer 25 | . 6 . . . 3 12 . . 4 . . . Grunt 55 | . 7 13 4 6 10 8 . . . . . 7 Brawler 1 | . . . . . 1 . . . . . . . Duelist 3 | . . 1 1 . . 1 . . . . . . Protector 1 | . . . . . . . . . . . . 1 Researcher 2 | . . . . . . . . . . . . 2 Sentry 13 | . . 3 . 4 3 2 . . 1 . . . Hunter 8 | . . . . 3 . . . . 2 . . 3 Programmer 15 | . . . . . 3 4 . . . 1 . 7 Behemoth 1 | . . . . . . . . . 1 . . . Best Kill Streak 12 | . 5 6 3 3 4 12 . . 4 1 . 5 Combat Bots Only 11 | . 5 6 3 3 3 11 . . 4 1 . 3 Max Kills in Single Turn 3 | . 1 1 2 1 1 2 . . 3 1 . 2 Gunslinging 2 | . . . . . . 1 . . 2 . . . Exploded . | . . . . . . . . . . . . . Melee 1 | . . . . . 1 . . . . . . 1 Uniques/NPCs Destroyed . | . . . . . . . . . . . . . Combat | -11 -10 -9 -9 -8 -7 -6 -5 -4 -4 -4 -3 -3 -------- Run | Scr Mat Mat Min Mat Fac Fac Fac Fac Upp Upp Res Qua Damage Taken 14531 | . 680 950 460 1224 2183 1947 21 . 1093 119 . 5854 Core 2287 | . 187 163 46 81 162 363 . . 33 21 . 1231 Absorbed by Shields . | . . . . . . . . . . . . . Regen/Repaired (Parts) 585 | . . . . . . . . . . . . 585 Core Remaining (%) 73 | 100 25 . 47 85 76 57 100 . . 95 . . Volleys Fired 422 | . 49 61 22 36 67 94 . . 20 6 . 67 Largest 5 | . 2 2 2 3 3 3 . . 4 4 . 5 Hottest 267 | . 60 80 80 143 120 182 . . 120 120 . 267 Shots Fired 1043 | . 98 122 44 87 155 229 . . 78 22 . 208 Gun 890 | . 98 122 44 87 67 227 . . 78 22 . 145 Cannon 153 | . . . . . 88 2 . . . . . 63 Launcher . | . . . . . . . . . . . . . Special . | . . . . . . . . . . . . . Kinetic 617 | . 49 47 4 26 139 107 . . 78 22 . 145 Thermal 392 | . 49 75 40 58 16 122 . . . . . 32 Explosive . | . . . . . . . . . . . . . Electromagnetic 34 | . . . . 3 . . . . . . . 31 Robot Hit Streak 16 | . 13 14 4 16 11 13 . . 7 3 . 8 Robot Miss Streak 9 | . 6 3 5 4 9 5 . . 9 3 . 4 Penetration Max 1 | . . . . . 1 1 . . . . . 1 Secondary Targets 12 | . 1 . 2 1 1 5 . . 2 . . . Max Gunslinging Chain 2 | . 1 . 1 1 1 2 . . 2 . . . Shots Hit Robots 734 | . 59 94 21 68 116 167 . . 45 11 . 153 Core Hits 375 | . 26 36 13 24 72 126 . . 16 2 . 60 Critical Kills 8 | . . . . . . . . . 2 . . 6 Critical Parts Destroyed 22 | . . 1 . 3 2 1 . . . 1 . 14 Critical Strikes 44 | . . 1 . 4 2 7 . . 3 1 . 26 Burn 10 | . . . . 1 . 6 . . . . . 3 Destroy 26 | . . 1 . . . 1 . . 3 1 . 20 Corrupt 1 | . . . . . . . . . . . . 1 Smash 5 | . . . . 3 2 . . . . . . . Sever 2 | . . . . . . . . . . . . 2 Melee Attacks 77 | . . . . 7 22 . . . . . . 48 Impact 47 | . . . . 7 22 . . . . . . 18 Slashing 30 | . . . . . . . . . . . . 30 Piercing . | . . . . . . . . . . . . . Sneak Attacks . | . . . . . . . . . . . . . Combat Hostiles . | . . . . . . . . . . . . . Follow-up Attacks . | . . . . . . . . . . . . . Damage Inflicted 15371 | . 565 1052 267 1100 2623 3350 . . 926 313 . 5175 Guns 10419 | . 565 1052 267 878 762 3316 . . 926 313 . 2340 Cannons 1964 | . . . . . 1237 24 . . . . . 703 Explosions . | . . . . . . . . . . . . . Melee 2978 | . . . . 222 624 . . . . . . 2132 Ramming 10 | . . . . . . 10 . . . . . . Kinetic 7863 | . 218 443 27 231 1846 1752 . . 926 313 . 2107 Thermal 4013 | . 347 609 240 613 153 1588 . . . . . 463 Explosive . | . . . . . . . . . . . . . Electromagnetic 507 | . . . . 34 . . . . . . . 473 Impact 1289 | . . . . 222 624 . . . . . . 443 Slashing 1689 | . . . . . . . . . . . . 1689 Piercing . | . . . . . . . . . . . . . Highest Corruption 39 | . . . . . 32 1 . . . . . 39 Average Corruption 16 | . . . . . 30 1 . . . . . 8 Corruption Purged . | . . . . . . . . . . . . . Corruption Blocked 15 | . . . . . . . . . . . . 15 Effects 114 | . . . . . 60 1 . . . . . 53 Message Errors 23 | . . . . . 8 1 . . . . . 14 Matter Fused 24 | . . . . . 16 . . . . . . 8 Heat Flow Errors 11 | . . . . . 6 . . . . . . 5 Energy Discharges 12 | . . . . . 6 . . . . . . 6 Parts Rejected 3 | . . . . . 1 . . . . . . 2 Data Loss (minor) 12 | . . . . . 8 . . . . . . 4 Data Loss (major) 5 | . . . . . 2 . . . . . . 3 Misfires 5 | . . . . . 4 . . . . . . 1 Alerts 3 | . . . . . . . . . . . . 3 Misdirections 3 | . . . . . 1 . . . . . . 2 Weapon Failures 13 | . . . . . 8 . . . . . . 5 Overload Shots . | . . . . . . . . . . . . . Overflow Damage 445 | . . . . 163 115 . . . . . . 167 Projectiles 11 | . . . . . 11 . . . . . . . Explosions . | . . . . . . . . . . . . . Melee 434 | . . . . 163 104 . . . . . . 167 Knockbacks 37 | . . . . . 23 . . . . . . 14 Impact 8 | . . . . . 2 . . . . . . 6 Kinetic 29 | . . . . . 21 . . . . . . 8 Secondary . | . . . . . . . . . . . . . Self-Inflicted Damage 5 | . . . . . . 5 . . . . . . Shots . | . . . . . . . . . . . . . Rammed 1 | . . . . . . 1 . . . . . . Targets Rammed 2 | . . . . 1 . 1 . . . . . . Kicked 1 | . . . . 1 . . . . . . . . Crushed . | . . . . . . . . . . . . . Highest Temperature 540 | . 118 123 207 441 540 225 . . 236 94 . 108 Average Temperature 94 | . 49 39 102 182 114 88 . . 92 50 . 49 Received Heat Transfer 2697 | . 237 375 252 387 759 390 . . 54 . . 243 Effects 13 | . . . . 4 9 . . . . . . . Shutdowns 2 | . . . . 1 1 . . . . . . . Energy Bleed 1 | . . . . . 1 . . . . . . . Interference 6 | . . . . 2 4 . . . . . . . Damage (minor) 1 | . . . . 1 . . . . . . . . Damage (major) 3 | . . . . . 3 . . . . . . . Siege Activations . | . . . . . . . . . . . . . Robots Corrupted . | . . . . . . . . . . . . . Combat Hostiles . | . . . . . . . . . . . . . Parts Fried 9 | . . . . 4 1 . . . . . . 4 Impact Corruptions 15 | . . . . 5 4 . . . . . . 6 Robots Melted 1 | . . . . 1 . . . . . . . . Combat Hostiles 1 | . . . . 1 . . . . . . . . Parts Melted 25 | . 1 3 1 2 . 17 . . . . . 1 Heat Transferred 9970 | . 775 1400 550 1436 296 4213 . . . . . 1300 Parts Sabotaged . | . . . . . . . . . . . . . Parts Stolen . | . . . . . . . . . . . . . Parts Stripped . | . . . . . . . . . . . . . Power Chain Reactions . | . . . . . . . . . . . . . Missiles Intercepted . | . . . . . . . . . . . . . Alert | -11 -10 -9 -9 -8 -7 -6 -5 -4 -4 -4 -3 -3 ------- Run | Scr Mat Mat Min Mat Fac Fac Fac Fac Upp Upp Res Qua Peak Influence 584 | . 372 465 253 305 320 584 294 143 . . 61 278 Initial 279 | . . 72 138 98 111 154 279 143 . . 61 33 Average 186 | . 173 293 206 198 165 326 282 143 . . 61 101 Maximum Alert Level 2 | . 1 2 1 1 1 2 1 . . . . 1 Low Security (%) 58 | 100 61 25 69 57 59 19 . 100 . . 100 86 Level 1 33 | . 38 55 30 42 40 44 100 . . . . 13 Level 2 7 | . . 19 . . . 36 . . . . . . Level 3 . | . . . . . . . . . . . . . Level 4 . | . . . . . . . . . . . . . Level 5 . | . . . . . . . . . . . . . High Security . | . . . . . . . . . . . . . Max Security . | . . . . . . . . . . . . . Squads Dispatched 23 | . 4 4 . 1 4 4 . . . . . 6 Investigation . | . . . . . . . . . . . . . Extermination 8 | . . . . . 2 2 . . . . . 4 Reinforcement 15 | . 4 4 . 1 2 2 . . . . . 2 Assault . | . . . . . . . . . . . . . Garrison . | . . . . . . . . . . . . . Intercept . | . . . . . . . . . . . . . Searches Triggered . | . . . . . . . . . . . . . Construction Impeded 3 | . . . . 1 1 1 . . . . . . Haulers Reinforced . | . . . . . . . . . . . . . Active Scanning Responses . | . . . . . . . . . . . . . Cargo Convoy Interrupts . | . . . . . . . . . . . . . Stealth | -11 -10 -9 -9 -8 -7 -6 -5 -4 -4 -4 -3 -3 --------- Run | Scr Mat Mat Min Mat Fac Fac Fac Fac Upp Upp Res Qua Distress Signals 8 | . 2 3 . 2 . . 1 . . . . . Communications Jammed . | . . . . . . . . . . . . . Distress Signals . | . . . . . . . . . . . . . Times Spotted 192 | . 23 29 6 18 27 37 3 . 8 1 . 40 Peak Tracking Total 9 | . 8 6 3 4 4 9 4 . 4 1 . 6 Tactical Retreats 7 | . . 2 . . 1 2 . . 1 . . 1 Traps | -11 -10 -9 -9 -8 -7 -6 -5 -4 -4 -4 -3 -3 ------- Run | Scr Mat Mat Min Mat Fac Fac Fac Fac Upp Upp Res Qua Traps Triggered 4 | . . 1 . . 1 1 . . . . . 1 Indirectly . | . . . . . . . . . . . . . Trap Hack Attempts . | . . . . . . . . . . . . . Triggered . | . . . . . . . . . . . . . Disarmed . | . . . . . . . . . . . . . Reprogrammed . | . . . . . . . . . . . . . Reused . | . . . . . . . . . . . . . Traps Extracted . | . . . . . . . . . . . . . Installed . | . . . . . . . . . . . . . Triggered 2 | . . . . . . . . . 1 1 . . Machines | -11 -10 -9 -9 -8 -7 -6 -5 -4 -4 -4 -3 -3 ---------- Run | Scr Mat Mat Min Mat Fac Fac Fac Fac Upp Upp Res Qua Machines Disabled 9 | . . . . . 5 . . . . . . 4 Max in Single Turn 3 | . . . . . 3 . . . . . . 1 Machines Sabotaged . | . . . . . . . . . . . . . Garrisons Compromised . | . . . . . . . . . . . . . Overloaded Fab Kills . | . . . . . . . . . . . . . Hacking | -11 -10 -9 -9 -8 -7 -6 -5 -4 -4 -4 -3 -3 --------- Run | Scr Mat Mat Min Mat Fac Fac Fac Fac Upp Upp Res Qua Machines Accessed 16 | . 1 2 . 1 2 3 . . 1 . . 6 Terminals 13 | . 1 2 . 1 1 2 . . . . . 6 Fabricators 2 | . . . . . 1 1 . . . . . . Repair Stations . | . . . . . . . . . . . . . Recycling Units . | . . . . . . . . . . . . . Scanalyzers . | . . . . . . . . . . . . . Garrison Access . | . . . . . . . . . . . . . Total Hacks 19 | . 1 2 . 1 2 3 . . 1 . . 9 Successful 13 | . . 1 . 1 1 2 . . 1 . . 7 Failed 6 | . 1 1 . . 1 1 . . . . . 2 Catastrophic . | . . . . . . . . . . . . . Database Lockouts . | . . . . . . . . . . . . . Manual 4 | . . . . . . . . . . . . 4 Terminals 16 | . 1 2 . 1 1 2 . . . . . 9 Fabricators 2 | . . . . . 1 1 . . . . . . Repair Stations . | . . . . . . . . . . . . . Recycling Units . | . . . . . . . . . . . . . Scanalyzers . | . . . . . . . . . . . . . Garrison Access . | . . . . . . . . . . . . . Terminal Hacks 11 | . . 1 . 1 . 1 . . 1 . . 7 Record 7 | . . . . . . 1 . . . . . 6 Open Door 2 | . . . . . . . . . 1 . . 1 Alert Level 1 | . . 1 . . . . . . . . . . Locate Traps 1 | . . . . 1 . . . . . . . . Fabricator Hacks 2 | . . . . . 1 1 . . . . . . Network Status 2 | . . . . . 1 1 . . . . . . Repair Station Hacks . | . . . . . . . . . . . . . Recycling Unit Hacks . | . . . . . . . . . . . . . Scanalyzer . | . . . . . . . . . . . . . Garrison Access Hacks . | . . . . . . . . . . . . . Unauthorized Hacks . | . . . . . . . . . . . . . Terminals . | . . . . . . . . . . . . . Fabricators . | . . . . . . . . . . . . . Repair Stations . | . . . . . . . . . . . . . Recycling Units . | . . . . . . . . . . . . . Scanalyzers . | . . . . . . . . . . . . . Garrison Access . | . . . . . . . . . . . . . Data Cores Recovered 2 | . . . . . 2 . . . . . . . Used . | . . . . . . . . . . . . . Hacking Detections 2 | . 1 . . . . . . . . . . 1 Full Trace Events . | . . . . . . . . . . . . . Feedback Events . | . . . . . . . . . . . . . Feedback Blocked . | . . . . . . . . . . . . . Robot Schematics Acquired 4 | . . . . . . . . . . . . 4 Robots Built . | . . . . . . . . . . . . . Authchips . | . . . . . . . . . . . . . Time . | . . . . . . . . . . . . . Total Robot Build Rating . | . . . . . . . . . . . . . Part Schematics Acquired 9 | . . . . . . . . . . . . 9 Parts Built . | . . . . . . . . . . . . . Authchips . | . . . . . . . . . . . . . Time . | . . . . . . . . . . . . . Total Part Build Rating . | . . . . . . . . . . . . . Parts Repaired . | . . . . . . . . . . . . . Time . | . . . . . . . . . . . . . Parts Recycled . | . . . . . . . . . . . . . Recycled Matter . | . . . . . . . . . . . . . Retrieved Matter . | . . . . . . . . . . . . . Retrieved Components . | . . . . . . . . . . . . . Parts Scanalyzed . | . . . . . . . . . . . . . Part Schematics Acquired . | . . . . . . . . . . . . . Parts Damaged . | . . . . . . . . . . . . . Bothacking | -11 -10 -9 -9 -8 -7 -6 -5 -4 -4 -4 -3 -3 ------------ Run | Scr Mat Mat Min Mat Fac Fac Fac Fac Upp Upp Res Qua Used RIF Installer . | . . . . . . . . . . . . . Robots Hacked . | . . . . . . . . . . . . . Non-combat . | . . . . . . . . . . . . . Combat . | . . . . . . . . . . . . . Robot Hacks Applied . | . . . . . . . . . . . . . Relay Couplers Released . | . . . . . . . . . . . . . Fabnet Peak Effective % . | . . . . . . . . . . . . . Robots Rewired . | . . . . . . . . . . . . . Allies Hacked . | . . . . . . . . . . . . . Hacks Repelled . | . . . . . . . . . . . . . Allies | -11 -10 -9 -9 -8 -7 -6 -5 -4 -4 -4 -3 -3 -------- Run | Scr Mat Mat Min Mat Fac Fac Fac Fac Upp Upp Res Qua Total Allies . | . . . . . . . . . . . . . Largest Group . | . . . . . . . . . . . . . Highest-Rated Group . | . . . . . . . . . . . . . Highest-Rated Ally . | . . . . . . . . . . . . . Total Orders . | . . . . . . . . . . . . . Ally Attacks . | . . . . . . . . . . . . . Total Damage . | . . . . . . . . . . . . . Kills . | . . . . . . . . . . . . . Allies Corrupted . | . . . . . . . . . . . . . Allies Melted . | . . . . . . . . . . . . . Intel | -11 -10 -9 -9 -8 -7 -6 -5 -4 -4 -4 -3 -3 ------- Run | Scr Mat Mat Min Mat Fac Fac Fac Fac Upp Upp Res Qua Robot Analysis Total . | . . . . . . . . . . . . . Derelict Logs Recovered 2 | . . . 2 . . . . . . . . . Drone Launches . | . . . . . . . . . . . . . Drone Recoveries . | . . . . . . . . . . . . . Exploration | -11 -10 -9 -9 -8 -7 -6 -5 -4 -4 -4 -3 -3 ------------- Run | Scr Mat Mat Min Mat Fac Fac Fac Fac Upp Upp Res Qua Turns Passed 7053 | 127 421 536 213 652 1409 1108 46 25 590 62 242 1622 Spaces Moved 4356 | 94 183 190 104 329 975 721 55 32 394 22 106 1151 Core 51 | 9 . . . . 1 . . . . . . 41 Treads . | . . . . . . . . . . . . . Legs 1890 | 85 183 190 104 329 277 23 . . 97 22 106 474 Wheels 1823 | . . . . . 697 698 55 32 297 . . 44 Hover 592 | . . . . . . . . . . . . 592 Flight . | . . . . . . . . . . . . . Fastest Speed 32 | 50 120 120 120 120 80 80 80 80 80 190 120 32 Average Speed 103 | 120 120 120 120 120 98 89 80 80 118 190 210 89 Slowest Speed 260 | 200 190 120 120 190 200 260 80 80 260 190 260 190 Overloaded Moves . | . . . . . . . . . . . . . Propulsion Burnouts . | . . . . . . . . . . . . . Robots Hopped . | . . . . . . . . . . . . . Cave-ins Triggered . | . . . . . . . . . . . . . Teleports 1 | . . . . . . . . . . . . 1 Exploration Rate (%) 23 | 6 38 20 39 38 23 23 3 1 55 4 3 48 Regions Visited 12 Branch Regions 4 Pre-discovered Areas . | . . . . . . . . . . . . . Known Exits Taken 1 | . . . . 1 . . . . . . . . Unknown Exits Taken 11 | 1 1 1 1 . 1 1 1 1 1 1 1 . Scrap Searched 3 | . . . 1 . . . . . 2 . . . Spaces Dug . | . . . . . . . . . . . . . Terrain Destroyed 79 | . . . . . 52 6 . . 1 4 . 16 Melee . | . . . . . . . . . . . . . Projectile 33 | . . . . . 8 6 . . 1 3 . 15 AOE 44 | . . . . . 44 . . . . . . . Terrain Rammed . | . . . . . . . . . . . . . Walls Destroyed . | . . . . . . . . . . . . . Machines Disabled . | . . . . . . . . . . . . . Actions | -11 -10 -9 -9 -8 -7 -6 -5 -4 -4 -4 -3 -3 --------- Run | Scr Mat Mat Min Mat Fac Fac Fac Fac Upp Upp Res Qua Total 5846 | 104 293 378 147 498 1242 983 56 31 469 28 124 1493 Wait 641 | 1 38 94 10 87 107 108 . . 43 . 8 145 Move 4344 | 93 182 189 103 328 974 720 54 31 393 21 105 1151 Hop . | . . . . . . . . . . . . . Pick Up 63 | 4 4 2 1 8 17 12 . . 4 . 1 10 Fast Attach 84 | 6 3 2 . 4 14 20 . . 1 . 2 32 Attach 41 | . . 3 1 6 5 6 2 . 3 . 6 9 Detach 12 | . . . . . 2 4 . . . . . 6 Swap 77 | . 10 16 6 10 12 8 . . 3 1 1 10 Drop 75 | . 7 11 4 11 14 10 . . 2 . 1 15 Fire 422 | . 49 61 22 36 67 94 . . 20 6 . 67 Melee 77 | . . . . 7 22 . . . . . . 48 Ram 1 | . . . . . . 1 . . . . . . Kick 1 | . . . . 1 . . . . . . . . Crush . | . . . . . . . . . . . . . Escape Stasis 8 | . . . . . 8 . . . . . . . Rewire . | . . . . . . . . . . . . . Trap . | . . . . . . . . . . . . . Miscellaneous . | . . . . . . . . . . . . . Route ------- -11/Scrapyard -10/Materials -9/Materials -9/Mines -8/Materials (discovered 2 exits: *Fac x2) -7/Factory -6/Factory -5/Factory -4/Factory -4/Upper Caves -4/Upper Caves -3/Research -3/Quarantine History --------- Turn | Location | Event 11 | -11/Scrapyard | Discovered new exit (range 15) 128 | -11/Scrapyard | Entered Materials 408 | -10/Materials | Core integrity fell below 50% 523 | -10/Materials | Discovered new exit (range 18) 549 | -10/Materials | Entered another Materials area 549 | -9/Materials | Evolved 2 slots: Propulsion x2 571 | -9/Materials | Build established: Scavenger-Mutant 1073 | -9/Materials | Discovered new exit (range 7) 1085 | -9/Materials | Entered Mines 1168 | -9/Mines | Learned Materials stockpile data 1169 | -9/Mines | Learned location of 2 exits from Materials 1231 | -9/Mines | Core integrity fell below 50% 1281 | -9/Mines | Discovered new exit (range 7) 1298 | -9/Mines | Entered Materials 1298 | -8/Materials | Evolved 2 slots: Utility x1, Weapon x1 1299 | -8/Materials | Identified exit to Factory 1781 | -8/Materials | Lost 3 parts (1p1n1w) 1950 | -8/Materials | Entered Factory 1950 | -7/Factory | Evolved 2 slots: Power x1, Utility x1 2418 | -7/Factory | System corruption reached 10% 2434 | -7/Factory | System corruption reached 30% 2464 | -7/Factory | Lost 10 parts (1p3n3u3w) 2982 | -7/Factory | Build established: Tank 3315 | -7/Factory | Lost 3 parts (1n1u1w) 3344 | -7/Factory | Discovered new exit (range 6) 3359 | -7/Factory | Entered another Factory area 3359 | -6/Factory | Evolved 2 slots: Propulsion x2 3577 | -6/Factory | Build established: Mutant 4125 | -6/Factory | Destroyed 11 combat bots 4130 | -6/Factory | Lost 3 parts (1p1n1w) 4176 | -6/Factory | Lost 5 parts (4n1w) 4437 | -6/Factory | Discovered new exit (range 20) 4467 | -6/Factory | Entered another Factory area 4467 | -5/Factory | Evolved 2 slots: Utility x1, Weapon x1 4506 | -5/Factory | Discovered new exit (range 10) 4513 | -5/Factory | Entered another Factory area 4513 | -4/Factory | Evolved 2 slots: Propulsion x1, Utility x1 4526 | -4/Factory | Discovered new exit (range 12) 4538 | -4/Factory | Entered Upper Caves 4578 | -4/Upper Caves | Build established: Scavenger-Tank 4755 | -4/Upper Caves | Attracted the attention of an 0b10 checkpoint 4842 | -4/Upper Caves | Spotted B-86 Titan 4890 | -4/Upper Caves | Lost 4 parts (2n2u) 5021 | -4/Upper Caves | Destroyed B-86 Titan 5093 | -4/Upper Caves | Lost 3 parts (1p1n1w) 5120 | -4/Upper Caves | Discovered new exit (range 4) 5128 | -4/Upper Caves | Entered another Upper Caves area 5173 | -4/Upper Caves | Discovered new exit (range 9) 5190 | -4/Upper Caves | Entered Research 5190 | -3/Research | Evolved 2 slots: Propulsion x1, Weapon x1 5418 | -3/Research | Discovered new exit (range 12) 5432 | -3/Research | Entered Quarantine 5460 | -3/Quarantine | Found Alien Artifact 5508 | -3/Quarantine | Scanned by Researcher 6067 | -3/Quarantine | System corruption reached 10% 6073 | -3/Quarantine | Found Alien Artifact 6073 | -3/Quarantine | Identified Subatomic Replicator 6074 | -3/Quarantine | Identified Core Reset Matrix 6074 | -3/Quarantine | Used Core Reset Matrix 6078 | -3/Quarantine | Detected hypermatrix surge 6078 | -3/Quarantine | Sensed 11 artifacts in vicinity 6109 | -3/Quarantine | Lost 15 parts (2p7n2u4w) 6274 | -3/Quarantine | Found Transdimensional Reconstructor 6274 | -3/Quarantine | Warped through subspace 6323 | -3/Quarantine | Lost 4 parts (1p2n1w) 6343 | -3/Quarantine | Core integrity fell below 50% 6504 | -3/Quarantine | Found Sigix Broadsword 6688 | -3/Quarantine | Build established: Scavenger-Mutant 6839 | -3/Quarantine | Met incapacitated Sigix Warrior 6839 | -3/Quarantine | Lockdown squad dispatched 6840 | -3/Quarantine | Acquired the access code to the Sigix quarantine chamber 6841 | -3/Quarantine | Unlocked Sigix quarantine chamber 6917 | -3/Quarantine | Spotted Lightning 6917 | -3/Quarantine | Spotted Lightning 6917 | -3/Quarantine | Spotted Lightning 6982 | -3/Quarantine | System corruption reached 30% 6995 | -3/Quarantine | Core integrity fell below 20% 7051 | -3/Quarantine | Lost 15 parts (2p9n4w) 7054 | -3/Quarantine | Destroyed by Lightning with EMDS Last Messages --------------- 07016_ EMDS Slug penetrates Wall. 07017_ Extracted schematic archive: Exp. Signal Interpreter. 07018_ Extracted schematic archive: Plasma Lance. 07019_ Extracted schematic archive: Diametric Drive. 07020_ VJJGMZI9CE6QXV1P ,YACPF0#EOM 07020_ EMDS Slug penetrates Wall. 07020_ Mic. Antimatter Reactor destroyed. 07020_ Particle Reactor destroyed. 07021_ EMDS Slug penetrates Wall. 07021_ Suspension Chamber breached. 07035_ 6#T=FLB &>T8E9ESQ/E0SZR 07036_ Penetrated by EMDS Slug. 07038_ EMDS Slug penetrates Wall. 07050_ System corrupted: Arm. Huge Wheel rejected. 07050_ EMDS Slug penetrates Wall. 07053_ Discarded System Shield. 07053_ Dropped Imp. Fusion Compressor. 07054_ Dropped Imp. Heat Sink. 07054_ EMDS Slug penetrates Wall. [Achievement: 10k Club] Map ----- +----------------------------------------------------+ | | | | | ?####????????????????????????????????????????????? | | ? ###??????????????????????????????????????????? | | #??????????????????????????????????????????? | | ? # #??????????????????????????????????????????? | | ########?????????????????????????????????????????? | | ##?????????????????????????????????????????? | | ##?????????????????????????????????????????? | | ###########????????????????????????????????? | | # #????????????????????????????????? | | # #????????????????????????????????? | | # """ """ #????????????????????????????????? | | # "&" "&" #????????????????????????????????? | | ! # "" """ #????????????????????????????????? | | * " ""T"" #????????????????????????????????? | | !=! # ! % #????????????????????????????????? | | =! # = #????????????????????????????????? | | ###########+########?#########???????????????????? | | #?# ????????????????????? | | #?# ????????????????????? | | #?# ?????????????????????? | | #?# ??????????????????????? | | ############### #?# #??????????????????????? | | ??????????????# #?# #??????????????????????? | | ????#########?# #?# *@#??????????????????????? | | ????# ?# #?# !#??????????????????????? | | ????# # #?# #??????????????????????? | | ????# # #?# #??????????????????????? | | ????# + #?# #??!???????????????????? | | ????# "" "" # #?# #??????????????????????? | | ????#? ""R"" # #?# #??????????????????????? | | ???????? """"?# ### ###+#??????????????????? | | ???????? ?# hu ????????????? | | ????????####??# ???????????? | | ??????????????# ^ ????????????? | | ??????????????# ????????????? | | ############### #######+############?????????????? | | = #????????????????????????????????? | | |= ! * #????????????????????????????????? | | #????????????????????????????????? | | #????????????????????????????????? | | ##########/####????????????????????????????????? | | #???????? ????????????????????????????????????? | | #???????""?????????????????????????????????????? | | #??????????????????????????????????????????????? | | #??????????????????????????????????????????????? | | +??????????????????????????????????????????????? | | # ?????????????????????????????????????????????? | | # # ????????????????????????????????????????????? | +----------------------------------------------------+ Best States ------------- Heat Dissipation 65 Coolant Potential 65 Energy Generation 49 Energy Capacity 400 Matter Stores 305 Matter Capacity 800 Sight Range 20 Terrain Scan Density 10 Armor Coverage 450 Resistance: TH 20 Evasion (%) 58 Recoil Reduction 6 Defensive Hacking 10 Item Schematics ----------------- Imp. Energy Well | -3/Quarantine | Archive Exp. Signal Interpreter | -3/Quarantine | Archive Plasma Lance | -3/Quarantine | Archive Diametric Drive | -3/Quarantine | Archive Robot Schematics ------------------ T-07 Excavator | -3/Quarantine | Archive S-43 Plague | -3/Quarantine | Archive Fabricated ------------ Nothing Alien Tech Used ----------------- Subatomic Replicator Core Reset Matrix Transdimensional Reconstructor Sigix Broadsword Achievements -------------- 10k Club Alien Roots Alien Tech Dangerous Findings False Reunion Gunslinger Hey, That's Mine! Leap Before You Look Respectable Loadout Subspace Traveler Challenges ------------ None Game ------ Seed QuantumCompositeShredder Manual? 0 Play Time 02:40:49 Cumulative 15.7 hours Start 2022.03.31 @ 20:19:51 End 2022.03.31 @ 23:14:19 Sessions 1 Manual Loads 0 Difficulty Rogue Special Mode None Game No. 11 Rogue 11 Adventurer 0 Explorer 0 Win Type - Total 0 Types 0/0/0/0/0/0/0/0/0 Lore% 18 Gallery% 16 Achievement% 16 Wizard Run 0 Options --------- ASCII 0 Keyboard 1 Movement Numpad Keybinds 0 Fullscreen 1 Font 18/TerminusBold Map View 76x50 Tactical HUD 1 Map Filters NONE Filters NONE Steam 1 RUN: 872eef24-ac97-427e-933a-2d01530f5dde